 Dungeon Crawl Stone Soup version 0.32-a0-656-g3542139ebd (webtiles) character file.

Game seed: 5209701179616128836

732 backslashecho the Chopper (level 7, -3/56 HPs)
             Began as a Demonspawn Fighter on Mar 9, 2024.
             Killed by divine providence
             ... invoked by an orc priest
              (16 damage)
             ... on level 5 of the Dungeon.
             The game lasted 00:10:35 (4106 turns).

backslashecho the Chopper (Demonspawn Fighter)      Turns: 4106, Time: 00:10:36

Health: -3/56      AC: 10    Str: 18    XL:     7   Next: 45%
Magic:  7/7        EV: 14    Int: 10    God:
Gold:   180        SH:  5    Dex: 13    Spells: 6/6 levels left

rFire   . . .        a - +0 war axe
rCold   . . .        c - +0 buckler
rNeg    . . .        b - +0 scale mail
rPois   .            (helmet restricted)
rElec   .            q - +2 cloak
rCorr   .            (no gloves)
SInv    .            p - +0 pair of boots
Will    .....        z - amulet of the acrobat Stlth
                     (no ring)
HPRegen 0.29/turn    (no ring)
MPRegen 0.10/turn

%: acrobat
@: agile, wreathed by umbra
A: antennae 1, powered by pain 1, big brain 1, foul shadow 1
a: Convert to Beogh


You were on level 5 of the Dungeon.
You visited 2 branches of the dungeon, and saw 6 of its levels.
You also visited: Sewer.

You collected 202 gold pieces.
You spent 22 gold pieces at shops.

Inventory:

Hand Weapons
 a - a +0 war axe (weapon)
Missiles
 o - 2 poisoned darts (quivered)
 y - 2 curare-tipped darts
Armour
 b - a +0 scale mail (worn)
 c - a +0 buckler (worn)
 e - a +0 helmet
 p - a +0 pair of boots (worn)
 q - a +2 cloak (worn)
Jewellery
 z - an amulet of the acrobat (around neck)
Scrolls
 f - 2 scrolls of noise {unknown}
 h - 2 scrolls of fear {unknown}
 n - a scroll of fog {unknown}
 u - 2 scrolls of amnesia {unknown}
 v - a scroll of teleportation {unknown}
 x - a scroll of enchant armour {unknown}
Potions
 d - 2 potions of might
 g - 3 potions of haste
 i - a potion of heal wounds
 j - a potion of attraction {unknown}
 k - a potion of ambrosia
 l - a potion of enlightenment
 m - 4 potions of curing
 r - a potion of cancellation
 s - 2 potions of magic
 t - a potion of invisibility
 w - a potion of resistance


   Skills:
 + Level 5.0 Fighting
 * Level 5.6 Axes
 - Level 2.6 Armour
 + Level 4.6 Shields


You had 6 spell levels left.
You didn't know any spells.
Your spell library contained the following spells:

 Spells                   Type           Power      Damage    Failure   Level
 Lesser Beckoning         Tloc           0%         N/A       92%         2
 Fugue of the Fallen      Necr           0%         N/A       99%         3
 Gell's Gravitas          Tloc           0%         N/A       99%         3
 Ozocubu's Armour         Ice            0%         N/A       99%         3
 Teleport Other           Tloc           0%         N/A       99%         3
 Manifold Assault         Tloc           0%         N/A       100%        4


Dungeon Overview and Level Annotations

Branches:
Dungeon (5/15)             Temple (1/1) D:4           Sewer (visited)

Altars:
Ashenzari
Cheibriados
Fedhas
Gozag
Kikubaaqudgha
Okawaru
Qazlal
Ru
Sif Muna
Trog
Uskayaw

Shops:
D:1 *=(**   D:4 [


Innate Abilities, Weirdness & Mutations

You have a pair of small antennae on your head.
You sometimes gain a little power by taking damage.
You have an unusually large brain. (Int +2)
You are faintly shadowed, very rarely releasing foul flame when damaged in melee.


Message History

You hit the orc.
The orc is severely wounded.
The orc barely misses you.
You hit the orc.
You kill the orc!
No target in view!
No target in view!
You start putting on your amulet.
You continue putting on your amulet of the acrobat. x5
You finish putting on your amulet of the acrobat.
You feel ready to tumble and roll out of harm's way.
z - an amulet of the acrobat (around neck)
You see here a +0 dagger.
An orc priest comes into view. It is wielding a +0 club.
The orc priest shouts!
An orc priest comes into view.
It is wielding a +2 short sword of speed.
The orc priest mumbles some strange prayers to Beogh against you.
Beogh smites you!
The orc priest shouts!
You take 15 damage, and have 41/56 hp.
MASSIVE DAMAGE!!
Found 11 gold pieces.
The orc priest mumbles some strange prayers to Beogh against you.
Beogh smites you!
The orc priest shouts, "Surrender to Beogh and we'll let you live!" (press Y on the ability menu to convert to Beogh)
You take 9 damage, and have 36/56 hp.
The orc priest miscasts a cantrip.
The orc priest mumbles some strange prayers to Beogh against you.
Beogh smites you!
You focus on the pain.
You feel agile all of a sudden.
You take 13 damage, and have 24/56 hp.
MASSIVE DAMAGE!!
There is a stone staircase leading up here.
You start resting.
An orc priest is nearby!
The orc priest calls down the wrath of Beogh upon you.
Pain shoots through your body!
You take 1 damage, and have 32/56 hp.
You hit the orc priest but do no damage.
You hit the orc priest.
The orc priest hits you with a +2 short sword of speed.
The orc priest invokes the aid of Beogh against you.
Beogh smites you!
You take 9 damage, and have 23/56 hp.
The orc priest shouts, "Beogh offers mercy even to people such as you.
Join us and be reborn!"
You hit the orc priest.
The orc priest shouts, "Surrender to Beogh and we'll let you live!"
The orc priest is severely wounded.
You hit the orc priest.
The orc priest shouts, "Beogh offers mercy even to people such as you.
Join us and be reborn!"
The orc priest hits you but does no damage.
The orc priest barely misses you.
The orc priest hits you but does no damage.
You slash the orc priest!
You kill the orc priest!
You hit the orc priest.
The orc priest hits you but does no damage.
You hit the orc priest.
The orc priest is heavily wounded.
The orc priest shouts, "Surrender to Beogh and we'll let you live!"
The orc priest threatens, "Beogh's wrath is as vast as their mercy.
Make your choice!" The orc priest barely misses you.
The orc priest looks encouraged for a moment.
You closely miss the orc priest.
The orc priest is heavily wounded.
The orc priest casts a cantrip, but nothing happens.
You barely miss the orc priest.
The orc priest is heavily wounded.
The orc priest barely misses you.
You barely miss the orc priest.
The orc priest is heavily wounded.
The orc priest hits you but does no damage.
You block the orc priest's attack.
The orc priest shouts, "Beogh offers mercy even to people such as you.
Join us and be reborn!"
You hit the orc priest.
The orc priest is severely wounded.
The orc priest shouts, "Surrender to Beogh and we'll let you live!"
The orc priest mumbles some strange prayers to Beogh against you.
Beogh smites you!
* * * LOW HITPOINT WARNING * * *
You focus on the pain.
You feel more agile all of a sudden.
You take 10 damage, and have 15/56 hp.
You are too injured to fight recklessly!
You closely miss the orc priest.
The orc priest is severely wounded.
You block the orc priest's attack.
You barely miss the orc priest.
The orc priest is severely wounded.
The orc priest hits you but does no damage.
You hit the orc priest but do no damage.
The orc priest is severely wounded.
The orc priest closely misses you. The orc priest hits you with a +0 club.
* * * LOW HITPOINT WARNING * * *
You take 2 damage, and have 13/56 hp.
You hit the orc priest but do no damage.
The orc priest is severely wounded.
The orc priest shouts, "Beogh offers mercy even to people such as you.
Join us and be reborn!"
The orc priest calls down the wrath of Beogh upon you.
Beogh smites you!
You die...

..####..## ##....# #.#
.........#####....## ###
.....###o.........#
...### ##....###..# ...##
##..### ##.#
###.####...[### #.####
##..........###....######
#...#....#..o#.........#
##..)##..####)@###....###
#....###.# ##..####...##
##...# #.# ###.#####..#
##.## ### ##.# #...# ###
### #####


You could see an orc priest.

Vanquished Creatures
  A steam dragon (D:4)
  2 bombardier beetles (D:5)
  2 orc priests
  A hound (D:5)
  3 jellies (Sewer)
  2 iguanas
  8 gnolls
  8 adders
  3 ribbon worms
  3 dart slugs
  17 orcs
  5 bats
  23 endoplasms
  7 giant cockroaches
  8 goblins
  7 hobgoblins
  6 jackals
  3 quokkas
  8 ball pythons
  3 frilled lizards
  4 kobolds
  6 rats
130 creatures vanquished.

Notes
Turn   | Place    | Note
-------+----------+-------------------------------------------
     0 | D:1      | backslashecho the Demonspawn Fighter began the quest for
                  | the Orb.
     0 | D:1      | Reached XP level 1. HP: 18/18 MP: 1/1
    35 | D:1      | Found Emytz's General Store.
   120 | D:1      | Found Wimirr's Assorted Antiques.
   370 | D:1      | Gained mutation: You have a pair of small antennae on your
                  | head. [demonic ancestry]
   370 | D:1      | Reached XP level 2. HP: 21/24 MP: 2/2
   427 | D:1      | Found Nynexyac's Assorted Antiques.
   462 | D:1      | Found Mixumy's Antique Weapon Shop.
   586 | D:1      | Bought a scroll of identify for 22 gold pieces
   710 | D:1      | Found Gois's Jewellery Shoppe.
   931 | D:2      | Gained mutation: You are faintly shadowed, very rarely
                  | releasing foul flame when damaged in melee. [demonic
                  | ancestry]
   931 | D:2      | Reached XP level 3. HP: 29/29 MP: 3/3
  1095 | D:2      | Found a bloodstained altar of Trog.
  1455 | D:3      | Reached XP level 4. HP: 34/35 MP: 4/4
  1541 | D:3      | Found an opulent altar of Gozag.
  1670 | D:3      | Found a faded altar of an unknown god.
  1902 | D:3      | Gained mutation: You sometimes gain a little power by
                  | taking damage. [demonic ancestry]
  1902 | D:3      | Reached XP level 5. HP: 41/42 MP: 5/5
  2256 | D:4      | Found a staircase to the Ecumenical Temple.
  2278 | Temple   | Entered the Ecumenical Temple
  2302 | D:4      | Found a broken altar of Ashenzari.
  2316 | D:4      | Found a glowing drain.
  2348 | Sewer    | Entered a sewer
  2706 | Sewer    | Reached XP level 6. HP: 25/48 MP: 6/6
  2788 | Sewer    | Found a shimmering altar of Xom.
  2943 | D:4      | Noticed a steam dragon
  2961 | D:4      | Killed a steam dragon
  3297 | D:4      | Reached skill level 5 in Axes
  3401 | D:4      | Found Ogriluon's Antique Armour Emporium.
  3552 | Temple   | Gained mutation: You have an unusually large brain. (Int
                  | +2) [demonic ancestry]
  3552 | Temple   | Reached XP level 7. HP: 42/55 MP: 7/7
  3620 | D:5      | Entered Level 5 of the Dungeon
  3906 | D:4      | Reached skill level 5 in Fighting
  4106 | D:5      | Killed from afar by an orc priest

Illustrated notes

Levels and vault maps discovered:
D:1:      tekkud_arrival_beachfront_property, layout_loops_ring, serial_shops,
          nicolae_shop_waterfront, shop, nicolae_shop_crystal, shop, shop
D:2:      layout_rooms, basic_altar, minmay_misc_feat_iff, minmay_pentomino_t4
D:3:      layout_loops_ring, grunt_gozag_statues,
          chequers_ecumenical_altar_island
D:4:      layout_rooms, mainiacjoe_overflow_six_doors_small,
          minmay_temple_entry_gardened_gates, serial_shops,
          nicolae_shop_just_a_little_nook, portal_sewer_entry_a,
          minmay_misc_feat_nine_boxes
D:5:      layout_layer_cave, serial_shops, shop
Temple:   hellmonk_temple_rainy

Skill      XL: |  1  2  3  4  5  6  7 |
---------------+----------------------+-----
Axes           | 2 3 4 5 |  5.6
Shields        | 3 4 |  4.6
Fighting       | 4 5 |  5.0
Armour         | |  2.6

Action                     |  1- 3 |  4- 6 |  7- 9 || total
---------------------------+-------+-------+-------++-------
  Melee: War axe           |   119 |   195 |    56 ||   370
  Throw: Dart              |       |     5 |       ||     5
    Use: Scroll            |     1 |     8 |       ||     9
         Potion            |       |     1 |       ||     1
 Armour: Scale mail        |   104 |   150 |    33 ||   287
  Dodge: Dodged            |    62 |    99 |    32 ||   193
  Block: Buckler           |    28 |    64 |    13 ||   105

Table legend: (Time is in decaauts)
 A = Elapsed time spent in this place.
 B = Non-inter-level travel time spent in this place.
 C = Inter-level travel time spent in this place.
 D = Time resting spent in this place.
 E = Time spent auto-exploring this place.
 F = Levels seen in this place.
 G = Mean time per level.
                   A        B        C        D        E       F      G
               +--------+--------+--------+--------+--------+-----+--------+
         Total |   4265 |   4011 |    254 |    226 |   2251 |   7 |  609.3 |
       Dungeon |   3582 |   3328 |    254 |    121 |   1923 |   5 |  716.4 |
        Temple |     95 |     95 |      0 |     26 |     42 |   1 |   95.0 |
         Sewer |    587 |    587 |      0 |     79 |    285 |   1 |  587.0 |
               +--------+--------+--------+--------+--------+-----+--------+

Top non-repeatable levels by time:
     D:1: 901 daAuts
     D:4: 827 daAuts
     D:3: 798 daAuts
     D:2: 634 daAuts
   Sewer: 587 daAuts
     D:5: 420 daAuts
  Temple: 95 daAuts
